 Dungeon Sprint DCSS version 0.19-a0-379-ge33ada3 (webtiles) character file.

14560 Groucho the Champion of Chaos (level 11, -19/105 HPs)
             Began as a Minotaur Fighter on May 30, 2016.
             Was the Champion of Makhleb.
             Killed from afar by an iron giant (42 damage)
             ... with an iron shot
             ... in the Dungeon (Sprint V: "Ziggurat Sprint").
             The game lasted 00:08:46 (1430 turns).

Groucho the Champion of Chaos (Minotaur Fighter)    Turns: 1430, Time: 00:08:47

Health: -19/105    AC: 34    Str: 39    XL:     11   Next: 90%
Magic:  22/22      EV:  4    Int:  7    God:    Makhleb [******]
Gold:   0          SH: 38    Dex: 10    Spells: 0 memorised, 10 levels left

rFire  . . .     SeeInvis +     a - +14 obsidian axe {chop, +Fly Str+3 SInv *Curse} (curse)
rCold  . . .     Gourm    .     b - +15 Maxwell's patent armour {-Cast -Tele rElec MR+ rCorr}
rNeg   + . .     Faith    .     c - +18 shield of the Gong {rElec rN+ MR+ EV-5}
rPois  .         Spirit   .     n - +3 crown of Dyrovepreva {rElec Int+2 SInv}
rElec  +         Dismiss  .     (no cloak)
rCorr  +         Reflect  +     (no gloves)
SustAt .         Harm     .     (no boots)
MR     ++...     NoTele   +     y - +5 amulet of reflection
Stlth  .......... NoCast   +    F - +6 ring of strength
                                E - +6 ring of strength

@: mesmerised, very slightly contaminated, very resistant to hostile
enchantments, extremely unstealthy
A: retaliatory headbutt, horns 2
a: Minor Destruction, Lesser Servant of Makhleb, Major Destruction, Greater
Servant of Makhleb, Renounce Religion, Evoke Flight


You were in the Dungeon.
You worshipped Makhleb.
Makhleb was exalted by your worship.
You were not hungry.

You visited 1 branch

Inventory:

Hand Weapons
 a - the cursed +14 obsidian axe (weapon) {chop, +Fly Str+3 SInv *Curse}
   (You found it in the Dungeon)

   It inflicts extra damage upon your enemies.
   It affects your strength (+3).
   It lets you see invisible.
   It lets you fly.
   It may re-curse itself when equipped.
   It has a curse placed upon it.
Armour
 b - the +15 Maxwell's patent armour (worn) {-Cast -Tele rElec MR+ rCorr}
   (You found it in the Dungeon)

   It insulates you from electricity.
   It affects your resistance to hostile enchantments.
   It prevents spellcasting.
   It prevents most forms of teleportation.
   It protects you from acid and corrosion.
 c - the +18 shield of the Gong (worn) {rElec rN+ MR+ EV-5}
   (You found it in the Dungeon)

   It affects your evasion (-5).
   It insulates you from electricity.
   It protects you from negative energy.
   It affects your resistance to hostile enchantments.
 l - a +9 gold dragon armour
 n - the +3 crown of Dyrovepreva (worn) {rElec Int+2 SInv}
   (You found it in the Dungeon)

   It affects your intelligence (+2).
   It insulates you from electricity.
   It lets you see invisible.
 C - the cursed +0 cloak of Shielding {rF+ rCorr Dex+2}
   (You found it in the Dungeon)

   It affects your dexterity (+2).
   It protects you from fire.
   It protects you from acid and corrosion.
   It has a curse placed upon it.
Jewellery
 y - a +5 amulet of reflection (around neck)
 B - the amulet "Sasmev" {Faith rElec MR- Dex+2}
   (You found it in the Dungeon)

   [amulet of faith]

   It allows you to gain divine favour quickly.
   It affects your dexterity (+2).
   It insulates you from electricity.
   It affects your resistance to hostile enchantments.
 E - a +6 ring of strength (left hand)
 F - a +6 ring of strength (right hand)
Wands
 D - a wand of hasting (1/9)
 G - a wand of disintegration (7/24)
 H - a wand of iceblast (5/15)
 I - a wand of lightning (5/15)
 J - a wand of acid (5/15)
Scrolls
 k - 4 scrolls of blinking
 r - 4 scrolls of amnesia
 s - 3 scrolls of recharging
 t - 7 scrolls of fog
 u - 3 scrolls of holy word
 v - 5 scrolls of identify
 w - 5 scrolls of remove curse
 x - 2 scrolls of fear
Potions
 d - 7 potions of might
 e - 9 potions of curing
 g - 8 potions of heal wounds
 h - 6 potions of haste
 i - 7 potions of magic
 j - 3 potions of berserk rage
 m - 3 potions of brilliance
 o - 4 potions of resistance
 p - a potion of experience
 q - 5 potions of agility
Comestibles
 f - 5 bread rations
 z - 42 fruits
 A - 3 meat rations


   Skills:
 - Level 12.7 Fighting
 - Level 11.1 Axes
 - Level 4.7 Throwing
 * Level 14.7 Armour
 - Level 0.2 Dodging
 * Level 14.6 Shields
 - Level 11.7 Unarmed Combat
 - Level 16.6 Invocations


You had 10 spell levels left.
You didn't know any spells.

Dungeon Overview and Level Annotations

Branches:
Dungeon (1/1)

Altars:
Ashenzari
Cheibriados
Dithmenos
Elyvilon
Fedhas
Gozag
Hepliaklqana
Kikubaaqudgha
Makhleb
Nemelex Xobeh
Okawaru
Pakellas
Qazlal
Ru
Sif Muna
Trog
Ukayaw
Vehumet
Xom
Yredelemnul
Zin
The Shining One
Beogh
Jiyva
Lugonu


Innate Abilities, Weirdness & Mutations

You reflexively headbutt those who attack you in melee.
You have a pair of horns on your head.


Message History

You are too injured to fight recklessly!
You are too injured to fight recklessly!
You are too injured to fight recklessly!
You are too injured to fight recklessly!
You feel much better.
You slash the iron giant! You headbutt the iron giant!
The iron giant is almost dead.
You hit the iron giant but do no damage.
The iron giant is almost dead.
You block the iron giant's attack.
GONNNNG!
You slice the iron giant!!
The iron giant is almost dead.
The iron giant gestures at you while chanting.
The iron shot hits you!
* * * LOW HITPOINT WARNING * * *
You feel much better. The iron giant casts a spell at you.
The iron shot hits you!
You die...

▓...).....▓..
▓.........▓..
▓...†.....▓..
▓.....†...▓..
▓▓▓▓▓▓▓▓▓▓▓▓▓.▓.....▓.▓..
▓....8©8....▓.........▓..
▓..[):[}[:..▓▓▓▓▓▓▓▓▓▓▓▓▓
▓...[[||)...▓...8©8...▓..
▓.......@...▓..:3)=}..▓..
▓...)..C....▓...4))...▓..
▓...........▓.........▓..
▓...........▓.........▓..
▓..▓.....▓..▓.........▓..
▓.▓▓▓...▓▓▓.▓.........▓..
▓..▓.....▓..▓.▓.....▓.▓.▓
▓...........▓.........▓..
▓▓▓▓▓▓▓▓▓▓▓▓▓▓▓▓▓▓▓▓▓▓▓▓▓


You could see an iron giant.

Vanquished Creatures
  A purple draconian (D)
  A green draconian (D)
  2 yellow draconians (D)
  A mottled draconian (D)
  A blizzard demon (D)
  A flayed ghost (D)
  A cyclops (D)
  4 toenail golems (D)
  3 draconians (D)
  A rust devil (D)
  A black mamba (D)
  A gargoyle (D)
  An eye of devastation (D)
  2 rime drakes (D)
  2 ice devils (D)
  2 red devils (D)
  4 polar bears (D)
  2 slime creatures (D)
  2 shadows (D)
  A golden eye (D)
  3 hippogriffs (D)
  A porcupine (D)
  A hell hound (D)
  2 giant eyeballs (D)
  An ice beast (D)
  A necrophage (D)
  An eye of draining (D)
  Blork the orc (D)
  An earth elemental (D)
  A quasit (D)
  An iron imp (D)
  2 sheep (D)
  An adder (D)
  A river rat (D)
  A white imp (D)
  An ooze (D)
  2 adder skeletons (D)
  3 adder zombies (D)
  A bat skeleton (D)
  A bat zombie (D)
  A jackal (D)
  3 ball pythons (D)
  A giant cockroach zombie (D)
  A giant gecko skeleton (D)
  2 giant gecko zombies (D)
  A quokka zombie (D)
70 creatures vanquished.

Vanquished Creatures (collateral kills)
  A draconian (D)
  A red devil (D)
  An ice devil (D)
  4 merfolk (D)
  Sigmund (D)
  A shadow (D)
  A naga (D)
  A water moccasin (D)
  Dowan (D)
  An iron imp (D)
  Crazy Yiuf (D)
  Jessica (D)
  A bat zombie (D)
16 creatures vanquished.

Grand Total: 86 creatures vanquished

Notes
Turn   | Place    | Note
--------------------------------------------------------------
     0 | D        | Groucho the Minotaur Fighter began the quest for the Orb.
     0 | D        | Reached XP level 1. HP: 19/19 MP: 0/0
     5 | D        | Found a blossoming altar of Fedhas.
     5 | D        | Found a snail-covered altar of Cheibriados.
     5 | D        | Found a viscous altar of Jiyva.
     5 | D        | Found a roughly hewn altar of Beogh.
     5 | D        | Found a corrupted altar of Lugonu.
     6 | D        | Found a white marble altar of Elyvilon.
     6 | D        | Found a shimmering altar of Xom.
     8 | D        | Found a deep blue altar of Sif Muna.
     8 | D        | Found a burning altar of Makhleb.
     8 | D        | Found a bloodstained altar of Trog.
     8 | D        | Found an iron altar of Okawaru.
     8 | D        | Found a sparkling altar of Nemelex Xobeh.
     8 | D        | Found a radiant altar of Vehumet.
    99 | D        | Became a worshipper of Makhleb the Destroyer
   203 | D        | Entered arena 1.
   203 | D        | Noticed a hell hound
   203 | D        | Noticed a quasit
   204 | D        | Killed a hell hound
   204 | D        | Reached XP level 2. HP: 30/30 MP: 1/1
   204 | D        | Reached XP level 3. HP: 37/37 MP: 2/2
   204 | D        | Reached XP level 4. HP: 44/44 MP: 3/3
   208 | D        | Reached * piety under Makhleb
   417 | D        | Entered arena 2.
   417 | D        | Noticed a porcupine
   422 | D        | Killed a porcupine
   422 | D        | Reached XP level 5. HP: 47/52 MP: 4/4
   423 | D        | Reached ** piety under Makhleb
   429 | D        | Entered arena 3.
   429 | D        | Noticed a necrophage
   436 | D        | Killed a necrophage
   436 | D        | Reached *** piety under Makhleb
   436 | D        | Reached skill level 10 in Armour
   436 | D        | Reached skill level 10 in Shields
   436 | D        | Reached skill level 2 in Invocations
   436 | D        | Reached XP level 6. HP: 59/60 MP: 4/6
   656 | D        | Entered arena 4.
   656 | D        | Noticed a merfolk
   656 | D        | Noticed a merfolk
   656 | D        | Noticed a merfolk
   656 | D        | Noticed a merfolk
   661 | D        | Killed a merfolk
   661 | D        | Reached skill level 7 in Invocations
   661 | D        | Killed a merfolk
   661 | D        | Reached skill level 9 in Invocations
   661 | D        | Reached XP level 7. HP: 59/66 MP: 6/13
   663 | D        | Killed a merfolk
   663 | D        | Reached **** piety under Makhleb
   663 | D        | Reached skill level 10 in Invocations
   663 | D        | Killed a merfolk
   663 | D        | Reached skill level 11 in Invocations
   675 | D        | Entered arena 5.
   675 | D        | Noticed Sigmund
   675 | D        | Noticed Jessica
   675 | D        | Noticed Blork the orc
   675 | D        | Noticed Crazy Yiuf
   675 | D        | Noticed Dowan
   677 | D        | Killed Crazy Yiuf
   678 | D        | Killed Jessica
   680 | D        | Killed Blork the orc
   680 | D        | Reached ***** piety under Makhleb
   680 | D        | Reached XP level 8. HP: 69/73 MP: 8/15
   683 | D        | Killed Sigmund
   685 | D        | Killed Dowan
   989 | D        | Entered arena 6.
   989 | D        | Noticed a toenail golem
   989 | D        | Noticed a toenail golem
   989 | D        | Noticed a gargoyle
   989 | D        | Noticed a toenail golem
   989 | D        | Noticed a toenail golem
   995 | D        | Killed a toenail golem
   996 | D        | Killed a gargoyle
   996 | D        | Reached skill level 10 in Fighting
   996 | D        | Killed a toenail golem
   996 | D        | Reached XP level 9. HP: 79/89 MP: 16/16
   997 | D        | Killed a toenail golem
   997 | D        | Reached skill level 10 in Axes
   998 | D        | Killed a toenail golem
  1084 | D        | Entered arena 7.
  1084 | D        | Noticed a cyclops
  1089 | D        | Reached skill level 1 in Throwing
  1092 | D        | Killed a cyclops
  1092 | D        | Reached ****** piety under Makhleb
  1092 | D        | Reached skill level 5 in Unarmed Combat
  1102 | D        | Entered arena 8.
  1102 | D        | Noticed a black mamba
  1108 | D        | Killed a black mamba
  1108 | D        | Reached XP level 10. HP: 100/100 MP: 17/17
  1110 | D        | Reached skill level 12 in Invocations
  1119 | D        | Entered arena 9.
  1119 | D        | Noticed an eye of devastation
  1124 | D        | Paralysed by a giant eyeball for 2 turns
  1129 | D        | Killed an eye of devastation
  1129 | D        | Reached skill level 13 in Invocations
  1146 | D        | Entered arena 10.
  1146 | D        | Noticed a yellow draconian
  1146 | D        | Noticed a green draconian
  1146 | D        | Noticed a mottled draconian
  1146 | D        | Noticed a draconian
  1146 | D        | Noticed a purple draconian
  1146 | D        | Noticed a draconian
  1146 | D        | Noticed a yellow draconian
  1146 | D        | Noticed a draconian
  1146 | D        | Noticed a draconian
  1156 | D        | Killed a draconian
  1156 | D        | Killed a yellow draconian
  1157 | D        | Killed a yellow draconian
  1157 | D        | Reached skill level 14 in Invocations
  1159 | D        | Killed a draconian
  1160 | D        | Killed a draconian
  1160 | D        | Reached skill level 10 in Unarmed Combat
  1160 | D        | Reached skill level 15 in Invocations
  1161 | D        | Killed a green draconian
  1161 | D        | Reached XP level 11. HP: 92/105 MP: 18/21
  1167 | D        | Killed a purple draconian
  1167 | D        | Reached skill level 16 in Invocations
  1171 | D        | Killed a mottled draconian
  1175 | D        | Got the amulet "Sasmev" {Faith rElec MR- Dex+2}
  1226 | D        | Entered arena 11.
  1226 | D        | Noticed a blizzard demon
  1237 | D        | Killed a blizzard demon
  1248 | D        | Got the cursed +0 cloak of Shielding {rF+ rCorr Dex+2}
  1364 | D        | Entered arena 12.
  1365 | D        | Noticed a flayed ghost
  1377 | D        | Killed a flayed ghost
  1401 | D        | Entered arena 13.
  1403 | D        | Noticed an iron giant
  1429 | D        | HP: 1/105 [iron giant/iron shot (49)]
  1430 | D        | Killed from afar by an iron giant

Vault maps used:
D:        sprint_v

Skill      XL: |  1  2  3  4  5  6  7  8  9 10 11 |
---------------+----------------------------------+-----
Fighting       | 6 7 11 12 | 12.7
Armour         | 7 9 10 11 14 | 14.7
Shields        | 7 9 10 11 14 | 14.6
Invocations    | 2 9 11 15 16 | 16.6
Axes           | 9 11 | 11.1
Throwing       | 4 |  4.7
Unarmed Combat | 6 10 11 | 11.7
Dodging        | |  0.2

Action                   |  1- 3 |  4- 6 |  7- 9 | 10-12 || total
-------------------------+-------+-------+-------+-------++-------
Melee: Broad axe         |     1 |    17 |    26 |    69 ||   113
       Headbutt          |       |     2 |     5 |    27 ||    34
Invok: Lesser Servant of |       |       |     1 |       ||     1
       Greater Servant o |       |       |       |     2 ||     2
Evoke: Wand              |       |       |       |     1 ||     1
  Use: Potion            |       |       |       |     3 ||     3
       Scroll            |       |       |       |     4 ||     4
  Eat: Meat ration       |       |       |       |     1 ||     1
Armor: Plate armour      |       |    19 |    12 |    51 ||    82
Dodge: Dodged            |       |     3 |     4 |     9 ||    16
Block: Shield            |       |    38 |    49 |   125 ||   212
       Reflection        |       |       |       |     1 ||     1
